 Dungeon Crawl Stone Soup version 0.29-a0-557-g43b9904bd1 (webtiles) character file.

Game seed: 14327937341021355774

4792 ptdevnull the Reanimator (level 10, -1/73 HPs)
             Began as a Human Necromancer on June 9, 2022.
             Was a Believer of Ashenzari.
             Slain by a red ugly thing (18 damage)
             ... on level 8 of the Dungeon.
             The game lasted 00:30:37 (8412 turns).

ptdevnull the Reanimator (Human Necromancer)        Turns: 8412, Time: 00:30:38

Health: -1/73      AC: 12    Str:  7    XL:     10   Next: 76%
Magic:  2/19       EV: 13    Int: 28    God:    Ashenzari [**....]
Gold:   475        SH:  0    Dex: 15    Spells: 13/21 levels left

rFire   . . .      SeeInvis +   a - staff of death
rCold   . . .      Faith    .   (no shield)
rNeg    + + .      Spirit   .   t - +6 leather armour of the Gnostic Stickiness {+Blink Int+3, Evo, Comp} (curse)
rPois   +          Reflect  .   (no helmet)
rElec   .          Harm     .   A - +2 ratskin cloak {*Rats rPois rN+ Str-1 Int-1 Dex+1, Evo, Melee} (curse)
rCorr   .          Rampage  .   (no gloves)
Will    +....                   (no boots)
Stlth   ++........              c - amulet of regeneration
HPRegen 1.02/turn               e - ring of willpower
MPRegen 0.16/turn               H - ring "Chagrin of Ashenzari" {Int+6, Self, Bglg} (curse)

@: no status effects
A: no striking features
a: Renounce Religion, Evoke Blink, Shatter the Chains


You were on level 8 of the Dungeon.
You worshipped Ashenzari.
Ashenzari was pleased with you.
You visited 1 branch of the dungeon, and saw 8 of its levels.

You collected 475 gold pieces.

Inventory:

Hand Weapons
 b - a +0 falchion of electrocution
 r - a +0 morningstar
 x - a +2 whip of freezing
 C - a +0 long sword
 F - a +1 great sword
 J - a +0 dagger of speed
Missiles
 h - 5 javelins
 s - 2 throwing nets
Armour
 t - the cursed +6 leather armour of the Gnostic Stickiness (worn) {+Blink Int+3, Evo, Comp}
   (You found it on level 3 of the Dungeon)

   Int:       It affects your intelligence (+3).
   +Blink:    It lets you blink.
   It has a curse which improves the following skills: Evocations: Evocations.
   Companions: Summonings and Necromancy.
 A - the cursed +2 ratskin cloak (worn) {*Rats rPois rN+ Str-1 Int-1 Dex+1, Evo, Melee}
   (You found it on level 5 of the Dungeon)

   When the wearer is hurt, rats may emerge from it to assist them.
   Str:       It affects your strength (-1).
   Int:       It affects your intelligence (-1).
   Dex:       It affects your dexterity (+1).
   rPois:     It protects you from poison.
   rN:        It protects you from negative energy.
   It has a curse which improves the following skills: Evocations: Evocations.
   Melee Combat: Short Blades, Long Blades, Axes, Maces & Flails, Polearms,
   Staves and Unarmed Combat.
Magical Staves
 a - a staff of death (weapon)
Jewellery
 c - an amulet of regeneration (around neck)
 e - a ring of willpower (left hand)
 p - a +6 ring of dexterity
 H - the cursed ring "Chagrin of Ashenzari" (right hand) {Int+6, Self, Bglg}
   (You found it on level 6 of the Dungeon)

   [ring of intelligence]

   Int:       It affects your intelligence (+6).
   It has a curse which improves the following skills: Introspection: Fighting
   and Spellcasting.
   Beguiling: Conjurations, Hexes and Translocations.
Wands
 y - a wand of flame (20)
 I - a wand of charming (8)
Scrolls
 d - 3 scrolls of poison
 f - 2 scrolls of fear
 i - 5 scrolls of teleportation
 j - 2 scrolls of amnesia
 n - 4 scrolls of identify
 q - a scroll of silence
 u - 2 scrolls of enchant armour
 w - 2 scrolls of enchant weapon
 z - 2 scrolls of fog
 B - a scroll of acquirement
Potions
 g - 5 potions of curing
 k - 2 potions of lignification
 l - 2 potions of attraction
 m - a potion of flight
 o - a potion of resistance
 v - a potion of invisibility
 E - a potion of brilliance
 G - a potion of might


   Skills:
 - Level 3.7(4.9) Fighting
 - Level 6.4(7.6) Long Blades
 * Level 6.0(7.3) Staves
 - Level 4.4 Dodging
 - Level 2.0 Stealth
 - Level 5.0(6.2) Spellcasting
 + Level 8.6(9.8) Necromancy
 + Level 5.5(7.4) Evocations


You had 13 spell levels left.
You knew the following spells:

 Your Spells              Type           Power      Damage    Failure   Level
a - Necrotize             Necr           100%       1d9       1%          1
b - Vampiric Draining     Necr           77%        2d11      1%          3
c - Animate Dead          Necr           77%        N/A       1%          4

Your spell library contained the following spells:

 Spells                   Type           Power      Damage    Failure   Level
 Agony                    Necr           77%        N/A       4%          5
 Beastly Appendage        Tmut           16%        N/A       9%          1
 Freeze                   Ice            32%        1d5       9%          1
 Slow                     Hex            36%        N/A       9%          1
 Sting                    Tmut/Pois      32%        1d4       9%          1
 Poisonous Vapours        Pois/Air       16%        N/A       14%         2
 Wereblood                Tmut           8%         N/A       14%         2
 Spider Form              Tmut/Pois      8%         N/A       26%         3
 Summon Guardian Golem    Hex/Summ       9%         N/A       26%         3
 Olgreb's Toxic Radiance  Pois           8%         N/A       65%         4
 Iskenderun's Battlesphe  Conj           9%         2d6       93%         5
 Iron Shot                Conj/Erth      4%         9d2       100%        6
 Orb of Destruction       Conj           4%         9d5       100%        7
 Spellforged Servitor     Conj/Summ      4%         N/A       100%        7


Dungeon Overview and Level Annotations

Branches:
Dungeon (8/15)             Temple (0/1) D:5            Lair (0/6) D:8

Altars:
Ashenzari
Kikubaaqudgha
Makhleb
Nemelex Xobeh
Sif Muna
Trog
Uskayaw
Vehumet
Wu Jian
Zin

Annotations:
D:4 3 runed translucent doors, samgaumpmail's ghost, amateur OpTm


Message History

The orc dies!
The gnoll hits you from afar with a +0 spear.
Your water moccasin skeleton crumbles into dust!
The gnoll hits you with a +0 spear.
Your hell rat barely misses the gnoll.
Things that are here:
a +0 flail; a +0 scale mail You barely miss the gnoll.
Your river rat closely misses the gnoll.
The gnoll hits you with a +0 spear.
Your hell rat barely misses the gnoll.
You hit the gnoll but do no damage.
The gnoll writhes in agony.
The gnoll is moderately wounded.
Your hell rat bites the gnoll.
You hit the gnoll but do no damage.
The gnoll writhes in agony.
The gnoll is severely wounded.
Your river rat bites the gnoll.
The gnoll dies!
A gnoll comes into view. It is wielding a +0 spear.
Your hell rat bites the red ugly thing!
Your hell rat drains the red ugly thing.
You hit the red ugly thing but do no damage.
The red ugly thing writhes in agony!
The red ugly thing is heavily wounded.
Your river rat barely misses the red ugly thing.
The red ugly thing trunk-slaps you!
You are engulfed in flames!
* * * LOW HITPOINT WARNING * * *
Your hell rat barely misses the red ugly thing.
You closely miss the red ugly thing.
The red ugly thing is heavily wounded.
Your river rat bites the red ugly thing.
The red ugly thing trunk-slaps you but does no damage.
Your hell rat bites the red ugly thing.
Unknown command.
You hit the red ugly thing but do no damage.
The red ugly thing writhes in agony!
The red ugly thing is severely wounded.
Your river rat bites the red ugly thing.
The red ugly thing trunk-slaps you.
* * * LOW HITPOINT WARNING * * *
You are engulfed in flames!!
You die...

########
..<.....###############*
......................#.
, *
........................
,
.................)......
...............†).......
, *
........###..##.........,
........# #.##..@.......
........###.##.ur)......
,
.............#.#r.......
,
##.###.........##.g...#.
#..##..###..##.#*##.### *
......## #.##u>.. .# ,
..##### #.# .#.... # *
..## #.. ,... ...#####
#..,* ..., ** ,


You could see a red ugly thing (drained, ally target), a gnoll, a friendly hell
rat and a friendly river rat.

Vanquished Creatures
  Pikel (D:4)
  A wyvern (D:7)
  Eustachio (D:5)
  A steam dragon (D:7)
  A warg (D:8)
  A water moccasin (D:8)
  3 black bears
  A sky beast (D:8)
  2 centaurs
  An ogre (D:6)
  A lemure (D:4)
  A phantom (D:5)
  3 kobold brigands
  2 bullfrogs
  A necrophage (D:7)
  3 scorpions
  9 wights
  2 jellies
  2 orc priests (D:8)
  A gnoll shaman (D:6)
  2 iguanas
  Ijyb (D:4)
  Natasha (thrice) (D:4)
  7 orc wizards
  Robin (D:4)
  3 adders
  12 gnolls
  A shadow imp (D:5)
  2 white imps
  An ufetubus (D:5)
  5 worms
  A dart slug (D:4)
  16 orcs
  5 endoplasms
  4 giant cockroaches
  16 goblins
  4 hobgoblins
  2 jackals (D:5)
  3 quokkas
  7 ball pythons
  2 bats
  2 frilled lizards
  18 kobolds
  8 rats
164 creatures vanquished.

Vanquished Creatures (collateral kills)
  A two-headed ogre (D:8)
  2 wargs (D:8)
  A sky beast (D:7)
  An ogre (D:6)
  A necrophage (D:5)
  A howler monkey (D:7)
  3 gnolls
  4 orcs
  A ball python (D:1)
  A hobgoblin (D:4)
  2 kobolds (D:7)
18 creatures vanquished.

Vanquished Creatures (others)
  An acid dragon (D:8)
  A gnoll zombie (D:6)
  9 goblin zombies (D:4)
  A hobgoblin zombie (D:4)
  9 kobold zombies
  4 orc zombies
25 creatures vanquished.

Grand Total: 207 creatures vanquished

Notes
Turn   | Place    | Note
-------+----------+-------------------------------------------
     0 | D:1      | ptdevnull the Human Necromancer began the quest for the
                  | Orb.
     0 | D:1      | Reached XP level 1. HP: 13/13 MP: 3/3
   164 | D:1      | Reached XP level 2. HP: 19/19 MP: 0/5
   316 | D:1      | Found a faded altar of an unknown god.
   939 | D:2      | Reached XP level 3. HP: 24/24 MP: 4/6
   945 | D:2      | Learned a level 3 spell: Vampiric Draining
  1782 | D:2      | Reached XP level 4. HP: 30/30 MP: 4/7
  2088 | D:3      | Reached skill level 5 in Necromancy
  2269 | D:3      | Reached XP level 5. HP: 35/35 MP: 3/9
  2484 | D:3      | Learned a level 4 spell: Animate Dead
  2492 | D:3      | Identified the +6 leather armour of the Blind Marksman
                  | {+Blink Int+3}
  2508 | D:3      | Got The Arcane Arts for Absolute Beginners
  2604 | D:3      | Found a faded altar of an unknown god.
  2604 | D:3      | Found a broken altar of Ashenzari.
  2609 | D:3      | Found a hide-covered altar of Uskayaw.
  2611 | D:3      | Found a sparkling altar of Nemelex Xobeh.
  2613 | D:3      | Found a faded altar of an unknown god.
  2639 | D:3      | Became a worshipper of Ashenzari the Shackled
  2678 | D:3      | Found a shimmering blue altar of Sif Muna.
  3146 | D:4      | Reached skill level 6 in Necromancy
  3146 | D:4      | Reached XP level 6. HP: 41/41 MP: 6/11
  3417 | D:4      | Found a runed translucent gate.
  3417 | D:4      | Found a runed translucent gate.
  3418 | D:4      | Found a runed translucent gate.
  3484 | D:4      | Noticed Robin
  3486 | D:4      | Noticed Ijyb
  3496 | D:4      | Killed Ijyb
  3512 | D:4      | Your ally Ijyb died
  3565 | D:4      | Killed Robin
  3671 | D:4      | Noticed Natasha
  3674 | D:4      | Killed Natasha
  3763 | D:4      | Noticed Natasha
  3769 | D:4      | Killed Natasha
  3829 | D:4      | Noticed a black bear
  3837 | D:4      | Killed a black bear
  3838 | D:4      | Reached skill level 7 in Necromancy
  3838 | D:4      | Reached XP level 7. HP: 46/46 MP: 6/13
  3838 | D:4      | Noticed Natasha
  3844 | D:4      | Killed Natasha
  4027 | D:4      | Noticed samgaumpmail's ghost (amateur OpTm)
  4069 | D:4      | Noticed Pikel
  4110 | D:4      | Killed Pikel
  4111 | D:4      | Reached skill level 5 in Spellcasting
  4111 | D:4      | Reached skill level 8 in Necromancy
  4111 | D:4      | Reached skill level 1 in Fighting
  4111 | D:4      | Reached XP level 8. HP: 28/56 MP: 1/15
  4380 | D:4      | Found a glowing silver altar of Zin.
  4494 | D:4      | Found an ancient bone altar of Kikubaaqudgha.
  4606 | D:4      | Found an ornate altar of the Wu Jian Council.
  4769 | D:5      | Entered Level 5 of the Dungeon
  4771 | D:5      | Found a staircase to the Ecumenical Temple.
  4867 | D:5      | Found a radiant altar of Vehumet.
  5110 | D:5      | Found the +2 ratskin cloak {*Rats rPois rN+ Str-1 Int-1
                  | Dex+1}
  5123 | D:5      | Noticed Eustachio
  5431 | D:5      | Killed Eustachio
  5432 | D:5      | Reached skill level 1 in Evocations
  5440 | D:5      | Reached XP level 9. HP: 58/65 MP: 3/16
  5548 | D:5      | Reached skill level 1 in Long Blades
  5625 | D:5      | Found a bloodstained altar of Trog.
  6597 | D:7      | Reached skill level 5 in Long Blades
  6979 | D:7      | Reached XP level 10. HP: 63/71 MP: 17/17
  6990 | D:7      | Reached * piety under Ashenzari
  6990 | D:7      | Identified a scroll of acquirement
  7094 | D:7      | Reached skill level 1 in Staves
  8016 | D:8      | Reached ** piety under Ashenzari
  8065 | D:8      | Found a staircase to the Lair.
  8189 | D:8      | Reached skill level 5 in Staves
  8193 | D:8      | Reached skill level 5 in Evocations
  8326 | D:8      | Found a burning altar of Makhleb.
  8326 | D:8      | Noticed a green death
  8390 | D:8      | Noticed a two-headed ogre
  8399 | D:8      | Killed a two-headed ogre
  8405 | D:8      | Noticed a red ugly thing
  8412 | D:8      | Slain by a red ugly thing

Illustrated notes

Levels and vault maps discovered:
D:1:      saegor_arrival_fortress, layout_basic,
          hellmonk_ecumenical_altar_pennies_from_heaven
D:2:      layout_loops_corners
D:3:      minmay_general_purpose_star, layout_rooms,
          mainiacjoe_overflow_chevrons, chequers_temple_overflow_minitemple
D:4:      layout_cave_pods, mainiacjoe_overflow_alcove_4,
          kiku_gazebo_garden_becter, pdpol_wu_jian_five_deadly_venoms,
          gammafunk_ghost_icy, uniq_pikel, uniq_natasha, uniq_ijyb, uniq_robin
D:5:      layout_cave_pools, lemuel_crystal_altar, marbit_many_paths,
          minmay_temple_entry_glass, uniq_eustachio
D:6:      layout_basic, minmay_misc_feat_enclosed, minmay_crossroads
D:7:      layout_loops_corners, grunt_ministairs_6
D:8:      layout_rooms, makhleb_altar_promises_db, erik_lair_orcish_takeover,
          minmay_pinched_square

Skill      XL: |  1  2  3  4  5  6  7  8  9 10 |
---------------+-------------------------------+-----
Necromancy     | 5 6 7 8 |  8.6
Spellcasting   | 3 4 5 |  5.0
Fighting       | 1 3 |  3.7
Dodging        | 4 |  4.4
Evocations     | 1 4 5 |  5.5
Long Blades    | 6 |  6.4
Staves         | 6 |  6.0
Stealth        | |  2.0

Action                   |  1- 3 |  4- 6 |  7- 9 | 10-12 || total
-------------------------+-------+-------+-------+-------++-------
Melee: Dagger            |    20 |    53 |    64 |       ||   137
       Punch             |       |     1 |     3 |     2 ||     6
       Morningstar       |       |       |    22 |       ||    22
       Whip              |       |       |    40 |       ||    40
       Falchion          |       |       |    96 |    48 ||   144
       Staff             |       |       |       |    21 ||    21
 Cast: Necrotize         |    53 |   106 |   115 |    74 ||   348
       Vampiric Draining |       |     1 |     5 |     5 ||    11
       Animate Dead      |       |     1 |     2 |     1 ||     4
Invok: Curse Item        |       |       |     1 |     2 ||     3
Evoke: Wand              |       |     1 |       |     1 ||     2
  Use: Potion            |       |     1 |     1 |     3 ||     5
 Stab: Sleeping          |     1 |       |     2 |       ||     3
       Distracted        |       |       |     1 |       ||     1
Armor: Robe              |     5 |     3 |       |       ||     8
       Leather armour    |       |    24 |   134 |    42 ||   200
Dodge: Dodged            |     9 |    37 |   199 |    71 ||   316

Table legend: (Time is in decaauts)
 A = Elapsed time spent in this place.
 B = Non-inter-level travel time spent in this place.
 C = Inter-level travel time spent in this place.
 D = Time resting spent in this place.
 E = Time spent auto-exploring this place.
 F = Levels seen in this place.
 G = Mean time per level.
                   A        B        C        D        E       F      G
               +--------+--------+--------+--------+--------+-----+--------+
         Total |   8344 |   8009 |    335 |    674 |   5830 |   8 | 1043.0 |
       Dungeon |   8344 |   8009 |    335 |    674 |   5830 |   8 | 1043.0 |
               +--------+--------+--------+--------+--------+-----+--------+

Top non-repeatable levels by time:
     D:4: 1814 daAuts
     D:7: 1190 daAuts
     D:2: 1122 daAuts
     D:3: 1041 daAuts
     D:1: 932 daAuts
     D:5: 874 daAuts
     D:8: 688 daAuts
     D:6: 679 daAuts
